 Dungeon Crawl Stone Soup version 0.18-a0-1514-g6ed9364 (webtiles) character file.

61 dvd the Chucker (level 4, -2/44 HPs)
             Began as an Ogre Hunter on Mar 6, 2016.
             Slain by Robin
             ... wielding a +0 spear
              (4 damage)
             ... on level 2 of the Dungeon.
             The game lasted 00:04:03 (1605 turns).

dvd the Chucker (Ogre Hunter)                       Turns: 1605, Time: 00:04:03

Health: -2/44      AC:  3    Str: 18    XL:     4   Next: 7%
Magic:  4/4        EV: 10    Int: 10    God:
Gold:   37         SH:  0    Dex: 10    Spells: 0 memorised, 3 levels left

rFire  . . .     SeeInvis .     h - +0 club
rCold  . . .     Gourm    .     b - +0 robe
rNeg   . . .     Faith    .     (no shield)
rPois  .         Spirit   .     (helmet restricted)
rElec  .         Dismiss  .     (no cloak)
rCorr  .         Reflect  .     (gloves unavailable)
SustAt .         Harm     .     (boots unavailable)
MR     .....                    (no amulet)
Stlth  +.........               (no ring)
                                (no ring)

@: not resistant to hostile enchantments, very unstealthy
A: unfitting armour, tough skin 1
a: no special abilities


You were on level 2 of the Dungeon.
You were not hungry.

You visited 1 branch of the dungeon, and saw 2 of its levels.

You collected 37 gold pieces.

Inventory:

Hand Weapons
 a - a +0 short sword
 h - a +0 club (weapon)
Missiles
 d - 2 throwing nets (quivered)
 i - 77 stones
Armour
 b - a +0 robe (worn)
Jewellery
 p - an uncursed ring of ice
Scrolls
 g - 2 scrolls of identify {unknown}
 k - a scroll of immolation {unknown}
 l - 2 scrolls of blinking {unknown}
 q - a scroll of enchant armour {unknown}
Potions
 e - a potion of might {unknown}
 j - a potion of flight {unknown}
 o - a potion of lignification {unknown}
Comestibles
 f - 2 bread rations


   Skills:
 + Level 2.9 Fighting
 + Level 5.0 Throwing
 + Level 2.4 Dodging
 + Level 1.2 Stealth


You had 3 spell levels left.
You didn't know any spells.

Dungeon Overview and Level Annotations

Branches:
Dungeon (2/15)

Altars:

Annotations:
D:2 Robin, Terence


Innate Abilities, Weirdness & Mutations

You are too large for most types of armour.
You have tough skin (AC +1).


Message History

a large rock; an adder corpse You barely miss Robin.
Robin hits you but does no damage. Robin hits you with a spear.
* * * LOW HITPOINT WARNING * * *
You barely miss Robin. Robin barely misses you.
You barely miss Robin. Robin hits you with a spear.
* * * LOW HITPOINT WARNING * * *
You barely miss Robin.
Robin says, "Kneel, worm!"
Robin hits you with a spear.
* * * LOW HITPOINT WARNING * * *
Drink which item? (? for menu, Esc to quit)
You feel better. Robin hits you with a spear.
* * * LOW HITPOINT WARNING * * *
You barely miss Robin. Robin closely misses you. Robin hits you with a spear.
* * * LOW HITPOINT WARNING * * *
The goblin shouts!
You hit Robin but do no damage. Robin closely misses you.
Robin hits you from afar with a spear.
You die...

############ #).. #..........#
.... #.......†..# #....
#.......<..# #####.....
#......†...## #... .....
#...........### ##.###.....
.........<....#######....((.#..
..............@(ggg.g....g.>...
#########################(..###
#.#.# #.#... #.# ### #.## #()#
##)## #.g###


You could see Robin, a hobgoblin and 2 goblins.

Vanquished Creatures
  An adder (D:2)
  A gnoll (D:1)
  2 giant geckos (D:1)
  An orc (D:2)
  A giant cockroach (D:1)
  12 goblins
  5 hobgoblins
  4 kobolds (D:1)
  3 bats
  3 giant newts
  3 rats (D:2)
36 creatures vanquished.

Notes
Turn   | Place    | Note
--------------------------------------------------------------
     0 | D:1      | dvd the Ogre Hunter began the quest for the Orb.
     0 | D:1      | Reached XP level 1. HP: 22/22 MP: 1/1
   193 | D:1      | Reached XP level 2. HP: 29/29 MP: 2/2
   815 | D:1      | Reached XP level 3. HP: 36/36 MP: 3/3
  1018 | D:2      | Noticed Robin
  1021 | D:2      | Noticed Terence
  1030 | D:2      | Reached skill level 1 in Stealth
  1596 | D:2      | Reached skill level 5 in Throwing
  1596 | D:2      | Reached XP level 4. HP: 20/44 MP: 4/4
  1603 | D:2      | HP: 1/44 [Robin/spear (6)]
  1605 | D:2      | Slain by Robin

Vault maps used:
D:1:      dpeg_arrival_tiny_h
D:2:      wad_river_or_something, cheibriados_altar_1, first_bread,
          corexii_shack, uniq_terence, uniq_robin

Skill      XL: |  1  2  3 |
---------------+----------+-----
Dodging        | 2 |  2.4
Stealth        | 1 |  1.2
Throwing       | 5 |  5.0
Fighting       | |  2.9

Action                   |  1- 3 |  4- 6 || total
-------------------------+-------+-------++-------
Melee: Short sword       |     5 |       ||     5
       Club              |    72 |     6 ||    78
Throw: Large rock        |    21 |       ||    21
  Use: Potion            |     1 |     1 ||     2
  Eat: Chunk             |     2 |       ||     2
